 Dungeon Crawl Stone Soup version 0.24.1-1-gd1d2a07e1b (webtiles) character file.

Game seed: 7489415388448948715, levelgen mode: deterministic

148 MajorAdolf the Sneak (level 5, -2/45 HPs)
             Began as a Naga Wanderer on Apr 11, 2020.
             Killed from afar by an orc wizard (7 damage)
             ... with a puff of frost
             ... on level 4 of the Dungeon.
             The game lasted 00:05:21 (2910 turns).

MajorAdolf the Sneak (Naga Wanderer)                Turns: 2910, Time: 00:05:22

Health: -2/45      AC:  7    Str: 15    XL:     5   Next: 30%
Magic:  5/5        EV:  7    Int: 15    God:
Gold:   112        SH:  6    Dex:  8    Spells: 4/4 levels left

rFire    . . .     SeeInvis +   s - +1 war axe
rCold    . . .     Gourm    .   c - +0 buckler
rNeg     . . .     Faith    .   b - +2 scale mail
rPois    +         Spirit   .   (no helmet)
rElec    .         Reflect  +   (no cloak)
rCorr    .         Harm     .   (no gloves)
MR       .....                  (no barding)
Stlth    +.........             l - +3 amulet of reflection
HPRegen  0.15/turn              (no ring)
MPRegen  0.09/turn              (no ring)

@: very slow
A: large, see invisible, deformed body, poison resistance, slowness 2, slow
metabolism 1, spit poison 1, AC +1
a: Spit Poison


You were on level 4 of the Dungeon.
You were hungry.

You visited 1 branch of the dungeon, and saw 4 of its levels.

You collected 112 gold pieces.

Inventory:

Hand Weapons
 s - a +1 war axe (weapon)
Missiles
 o - a throwing net (quivered)
Armour
 b - a +2 scale mail (worn)
 c - a +0 buckler (worn)
Jewellery
 e - a +6 ring of dexterity {unknown}
 l - a +3 amulet of reflection (around neck)
 u - an uncursed amulet of the acrobat
Scrolls
 f - 2 scrolls of identify
 k - a scroll of remove curse
 q - a scroll of teleportation
Potions
 h - a potion of mutation {unknown}
 i - 2 potions of curing {unknown}
 m - a potion of cancellation {unknown}
 n - 2 potions of degeneration {unknown}
Comestibles
 d - 4 rations


   Skills:
 - Level 2.0 Fighting
 * Level 2.1(2.9) Axes
   Level 3.0(3.3) Maces & Flails
 + Level 3.0 Armour
 + Level 1.5 Dodging
 + Level 3.5 Stealth
 + Level 1.9 Shields


You had 4 spell levels left.
You didn't know any spells.
Your spell library contained the following spells:

 Spells                   Type           Power        Failure   Level  Hunger
 Beastly Appendage        Tmut           #.....       75%         1    ##.....
 Sticks to Snakes         Tmut           #.......     86%         2    ###....
 Spider Form              Tmut/Pois      #.........   98%         3    ####...
 Ice Form                 Ice/Tmut       #.......     100%        4    #####..
 Blade Hands              Tmut           #.........   100%        5    ######.


Dungeon Overview and Level Annotations

Branches:
Dungeon (4/15)
 Temple: D:4-7

Altars:


Innate Abilities, Weirdness & Mutations

You cannot wear boots.
Your serpentine skin is tough. (AC +1)
You have supernaturally acute eyesight. (SInv)
Armour fits poorly on your strangely shaped body.
Your system is resistant to poisons. (rPois)
You cover ground very slowly.
You have a slow metabolism.
You can spit poison.


Message History

You miss the orc wizard.
The orc wizard is almost dead.
The orc wizard points at you and mumbles some strange words.
The puff of flame hits you!
The orc wizard hits you with a +0 dagger.
You miss the orc wizard.
The orc wizard is almost dead.
The orc wizard gestures at you while chanting.
The puff of frost misses you.
You closely miss the orc wizard.
The orc wizard is almost dead.
The orc wizard casts a spell at you. The puff of flame hits you!
* * * LOW HITPOINT WARNING * * *
You closely miss the orc wizard.
The orc wizard is almost dead.
The orc wizard hits you but does no damage.
The orc wizard casts a spell at you. The puff of frost hits you!
You die...

####
..#
#)#
#@#
#o#
#.#
...
#.#
...
...
...


You could see an orc wizard (invisible).

Vanquished Creatures
  A scorpion (D:2)
  5 adders
  A dart slug (D:3)
  3 leopard geckos
  3 orcs
  6 bats
  4 giant cockroaches
  5 goblins
  2 hobgoblins
  8 kobolds
  2 quokkas
  3 frilled lizards (D:2)
  5 rats
48 creatures vanquished.

Notes
Turn   | Place    | Note
-------+----------+-------------------------------------------
     0 | D:1      | MajorAdolf the Naga Wanderer began the quest for the Orb.
     0 | D:1      | MajorAdolf set off with the following items: a +0 mace, a
                  | +2 scale mail, a +0 buckler, a ration
     0 | D:1      | Reached XP level 1. HP: 19/19 MP: 1/1
   241 | D:1      | Reached XP level 2. HP: 17/26 MP: 2/2
  1265 | D:2      | Reached XP level 3. HP: 31/32 MP: 3/3
  1268 | D:2      | Noticed a scorpion
  1272 | D:2      | Killed a scorpion
  1272 | D:2      | Reached skill level 1 in Axes
  1272 | D:2      | Reached skill level 1 in Dodging
  1272 | D:2      | Reached XP level 4. HP: 38/39 MP: 4/4
  2446 | D:3      | Reached XP level 5. HP: 45/45 MP: 5/5
  2910 | D:4      | Killed from afar by an orc wizard

Levels and vault maps discovered:
D:1:      wander_arrival_fairy_ring, layout_loops_corners
D:2:      layout_basic
D:3:      layout_rooms, minmay_misc_feat_secret_circle
D:4:      layout_basic, first_ration, fedhas_altar_1

Skill      XL: |  1  2  3  4  5 |
---------------+----------------+-----
Stealth        | 2 3 |  3.5
Axes           | 1 2 |  2.1
Dodging        | 1 |  1.5
Armour         | 3 |  3.0
Fighting       | |  2.0
Maces & Flails | |  3.0
Shields        | |  1.9

Action                   |  1- 3 |  4- 6 || total
-------------------------+-------+-------++-------
Melee: Mace              |    60 |       ||    60
       Hand axe          |       |    77 ||    77
       War axe           |       |    22 ||    22
 Abil: Spit Poison       |     1 |     6 ||     7
  Use: Scroll            |       |     5 ||     5
       Potion            |       |     1 ||     1
  Eat: Chunk             |       |     5 ||     5
Armor: Scale mail        |    64 |    65 ||   129
Dodge: Dodged            |    32 |    45 ||    77
Block: Buckler           |     8 |    19 ||    27
